 Dungeon Crawl Stone Soup version 0.27.1-33-g824d729ab1 (webtiles) character file.

Game seed: 11496132649067368074

19 Holzbalken the Poker (level 2, -3/22 HPs)
             Began as a Demonspawn Gladiator on Dec 3, 2021.
             Killed by nerve-wracking pain
             ... invoked by Jessica
              (11 damage)
             ... on level 2 of the Dungeon.
             The game lasted 00:02:15 (887 turns).

Holzbalken the Poker (Demonspawn Gladiator)          Turns: 887, Time: 00:02:15

Health: -3/22      AC:  4    Str: 14    XL:     2   Next: 55%
Magic:  2/2        EV: 12    Int:  9    God:
Gold:   18         SH:  0    Dex: 14    Spells: 1/1 levels left

rFire    . . .     SeeInvis .   a - +0 trident
rCold    . . .     Faith    .   (no shield)
rNeg     . . .     Spirit   .   b - +0 leather armour
rPois    .         Reflect  .   c - +0 helmet
rElec    .         Harm     .   (no cloak)
rCorr    .         Rampage  .   (no gloves)
Will     .....                  (no boots)
Stlth    +.........             (no amulet)
HPRegen  0.07/turn              (no ring)
MPRegen  0.08/turn              (no ring)

@: slowed, very slow
A: powered by pain 1
a: no special abilities


You were on level 2 of the Dungeon.
You visited 1 branch of the dungeon, and saw 2 of its levels.

You collected 18 gold pieces.

Inventory:

Hand Weapons
 a - a +0 trident (weapon)
Missiles
 d - 3 throwing nets (quivered)
Armour
 b - a +0 leather armour (worn)
 c - a +0 helmet (worn)
Scrolls
 e - a scroll of summoning {unknown}
 g - a scroll of identify {unknown}
Potions
 f - a potion of mutation {unknown}
 h - a potion of curing {unknown}


   Skills:
 - Level 2.0 Fighting
 + Level 3.6 Polearms
 - Level 1.7 Throwing
 - Level 2.6 Dodging


You had one spell level left.
You didn't know any spells.
Your spell library was empty.

Dungeon Overview and Level Annotations

Branches:
Dungeon (2/15)

Altars:

Annotations:
D:2 Jessica


Innate Abilities, Weirdness & Mutations

You sometimes gain a little power by taking damage.


Message History

Found a runed mace.
There is a stone staircase leading down here.
There is an escape hatch in the floor here.
Done exploring.
Done exploring.
There is an escape hatch in the floor here.
There is a stone staircase leading down here.
You climb downwards.
Found a stone staircase leading down.
There is a stone staircase leading up here.
Found 18 bolts.
Jessica the Apprentice Sorceress comes into view.
She is wielding a +0 club.
Jessica shouts!
Jessica mumbles some strange words.
Jessica blinks!
Jessica points at you and mumbles some strange words.
You feel yourself slow down.
You see here 18 bolts.
Jessica casts a spell.
Jessica blinks!
Jessica hits you with a +0 club.
You see here 18 bolts.
You hit Jessica.
Jessica is moderately wounded.
Jessica barely misses you.
You closely miss Jessica.
Jessica is moderately wounded.
Jessica gestures at you while chanting.
You feel as though you will be slow longer.
Jessica casts a spell at you. You resist with some effort.
You completely miss Jessica.
Jessica is moderately wounded.
Jessica casts a spell at you. Pain shoots through your body!
Ouch! That really hurt!
Jessica casts a spell at you. Pain shoots through your body!
Ouch! That really hurt!
You die...

#.# #.# .. ... #. ..#
######. #.# .......
####.# .......##....#
######.
..........##.##.......
............@@........
.............##.......
........###..# ######.
......#<# #..#
#.#####.# #..# . #..
...# #.###.## #.# #.#
..# #.#


You could see Jessica.

Vanquished Creatures
  3 ball pythons (D:1)
  An endoplasm (D:1)
  2 hobgoblins (D:1)
  3 kobolds (D:1)
  2 quokkas (D:1)
  3 bats (D:1)
  2 frilled lizards (D:1)
16 creatures vanquished.

Notes
Turn   | Place    | Note
-------+----------+-------------------------------------------
     0 | D:1      | Holzbalken the Demonspawn Gladiator began the quest for the
                  | Orb.
     0 | D:1      | Reached XP level 1. HP: 16/16 MP: 1/1
    51 | D:1      | Found a faded altar of an unknown god.
    97 | D:1      | Reached skill level 3 in Polearms
   160 | D:1      | Gained mutation: You sometimes gain a little power by
                  | taking damage. [demonic ancestry]
   160 | D:1      | Reached XP level 2. HP: 22/22 MP: 2/2
   874 | D:2      | Noticed Jessica
   887 | D:2      | Killed from afar by Jessica

Illustrated notes

Levels and vault maps discovered:
D:1:      elethiomel_arrival_shortcut, layout_loops_ring,
          hellmonk_ecumenical_altar_blasted
D:2:      layout_loops_cross, uniq_jessica

Skill      XL: |  1 |
---------------+----+-----
Polearms       | 3 |  3.6
Fighting       | |  2.0
Throwing       | |  1.7
Dodging        | |  2.6

Action                   || total
-------------------------++-------
Melee: Trident           ||    57
 Stab: Sleeping          ||     1
Armor: Leather armour    ||     8
Dodge: Dodged            ||    38
